 Dungeon Sprint DCSS version 0.26.0-20-g3ca415f5b8 (webtiles) character file.

Game seed: 8887909488334312068

1300000 SturgillTurtle the Conqueror (level 15, 0/174 HPs)
             Began as a Minotaur Fighter on Jan 24, 2021.
             Was an Initiate of Makhleb.
             Slain by a meat berserker
             ... wielding a +9 battleaxe
              (25 damage)
             ... in the Dungeon (Sprint VIII: "Arena of Blood").
             The game lasted 00:00:42 (13 turns).

SturgillTurtle the Conqueror (Minotaur Fighter)       Turns: 13, Time: 00:00:43

Health: 0/174      AC: 13    Str: 27    XL:     15   Next: 95%
Magic:  14/14      EV: 10    Int:  5    God:    Makhleb [......]
Gold:   0          SH:  0    Dex: 10    Spells: 14/14 levels left

rFire    . . .     SeeInvis .   k - +∞ Axe of Woe
rCold    . . .     Faith    .   (shield currently unavailable)
rNeg     . . .     Spirit   .   b - +0 scale mail
rPois    .         Reflect  .   (helmet restricted)
rElec    .         Harm     .   (no cloak)
rCorr    .         Rampage  .   (no gloves)
Will     +....     NoTele   +   (no boots)
Stlth    ..........             (no amulet)
HPRegen  0.39/turn              (no ring)
MPRegen  0.14/turn              (no ring)

@: no status effects
A: retaliatory headbutt, horns 2
a: Renounce Religion


You were in the Dungeon.
You worshipped Makhleb.
Makhleb was noncommittal.
You visited 1 branch

Inventory:

Hand Weapons
 a - a +0 war axe
 k - the +∞ Axe of Woe (weapon)
   (You found it in the Dungeon)
Armour
 b - a +0 scale mail (worn)
 c - a +0 kite shield
Scrolls
 j - a scroll of blinking
Potions
 d - a potion of might
 e - a potion of curing
 f - a potion of heal wounds
 g - a potion of haste
 h - 2 potions of magic
 i - a potion of berserk rage


   Skills:
 O Level 27 Fighting
 + Level 23.4 Axes
 O Level 27 Armour
 O Level 27 Shields


You had 14 spell levels left.
You didn't know any spells.
Your spell library was empty.

Dungeon Overview and Level Annotations

Branches:
Dungeon (1/1)

Altars:
Makhleb


Innate Abilities, Weirdness & Mutations

You reflexively headbutt those who attack you in melee.
You have a pair of horns on your head.


Message History

You hear a shout! x8
The meat berserker hits you with a +9 battleaxe!!!
You hear a shout! x2
There is a burning altar of Makhleb, spattered with blood here.
You kneel at the altar of Makhleb.
Makhleb welcomes you!
The meat berserker hits you with a +9 battleaxe!!!
You hear a shout! x2
The bag of meat hits you with a +9 war axe!
You hear a shout!
A meat berserker comes into view. It is wielding a +9 battleaxe.
You hear a shout! x2
A meat berserker comes into view. It is wielding a +9 battleaxe.
You hear a shout! x3
The bag of meat hits you but does no damage.
The meat berserker hits you with a +9 battleaxe!!
* * * LOW HITPOINT WARNING * * *
You hear a shout!
The meat berserker hits you with a +9 battleaxe!!
You die...

..... .. #... .#
#... ..# .###...
..###.
......###...O..
...o._.....
#.o...# #@o<._#
#OO)..#
.....O.._......
.......###......
.o###... ..###.
. #.O. ..# #..o
.# ..... .. ....


You could see 5 meat berserkers and 4 bags of meat.

Vanquished Creatures
  An ogre (D)
  6 orcs (D)
7 creatures vanquished.

Notes
Turn   | Place    | Note
-------+----------+-------------------------------------------
     0 | D        | Found the +∞ Axe of Woe
     0 | D        | SturgillTurtle the Minotaur Fighter began the quest for the
                  | Orb.
     0 | D        | Reached XP level 1. HP: 19/19 MP: 0/0
     1 | D        | Noticed a bag of meat
     2 | D        | Noticed a bag of meat
     3 | D        | Noticed a bag of meat
     3 | D        | Noticed a bag of meat
     4 | D        | Noticed a bag of meat
     4 | D        | Noticed a bag of meat
     5 | D        | Noticed a bag of meat
     8 | D        | Killed a bag of meat
     8 | D        | Noticed a bag of meat
     9 | D        | Reached XP level 2. HP: 53/53 MP: 1/1
     9 | D        | Reached XP level 3. HP: 61/61 MP: 2/2
     9 | D        | Reached XP level 4. HP: 69/69 MP: 3/3
     9 | D        | Reached XP level 5. HP: 75/75 MP: 4/4
     9 | D        | Reached XP level 6. HP: 84/84 MP: 5/5
     9 | D        | Reached XP level 7. HP: 91/91 MP: 6/6
     9 | D        | Reached XP level 8. HP: 99/99 MP: 7/7
     9 | D        | Reached XP level 9. HP: 106/106 MP: 8/8
     9 | D        | Reached XP level 10. HP: 114/114 MP: 9/9
     9 | D        | Reached XP level 11. HP: 121/121 MP: 10/10
     9 | D        | Noticed a meat berserker
     9 | D        | Killed a bag of meat
     9 | D        | Noticed a meat berserker
    10 | D        | Reached XP level 12. HP: 136/136 MP: 11/11
    10 | D        | Killed a bag of meat
    10 | D        | Killed a bag of meat
    10 | D        | Noticed a bag of meat
    11 | D        | Reached skill level 15 in Axes
    11 | D        | Reached XP level 13. HP: 151/151 MP: 12/12
    11 | D        | Reached XP level 14. HP: 160/160 MP: 13/13
    11 | D        | Killed a meat berserker
    11 | D        | Killed a bag of meat
    11 | D        | Killed a bag of meat
    11 | D        | Noticed a meat berserker
    11 | D        | Noticed a bag of meat
    11 | D        | Noticed a meat berserker
    11 | D        | Noticed a bag of meat
    12 | D        | Reached skill level 27 in Fighting
    12 | D        | Reached skill level 27 in Armour
    12 | D        | Reached skill level 27 in Shields
    12 | D        | Reached XP level 15. HP: 174/174 MP: 14/14
    13 | D        | Became a worshipper of Makhleb the Destroyer
    13 | D        | Noticed a meat berserker
    13 | D        | Noticed a meat berserker
    13 | D        | Slain by a meat berserker

Illustrated notes

Levels and vault maps discovered:
D:        meatsprint

Skill      XL: |  1  2  3  4  5  6  7  8  9 10 11 12 13 14 |
---------------+-------------------------------------------+-----
Fighting       | 18 21 24 27 | 27.0
Axes           | 11 13 15 23 | 23.4
Armour         | 18 20 23 27 | 27.0
Shields        | 18 20 23 27 | 27.0

Action                   |  1- 3 |  4- 6 |  7- 9 | 10-12 | 13-15 || total
-------------------------+-------+-------+-------+-------+-------++-------
Melee: Executioner's axe |     1 |       |       |     2 |     1 ||     4
Armor: Scale mail        |       |       |       |       |     1 ||     1
